Map: 2000 атмосфер РВ

Players

Kantara - Winner!

  • Race: Protoss Protoss
  • League: Master

webdoox

  • Race: Terran Terran
  • League: Diamond

VOD

Have the link to the VOD?

Description

Time

  • Played on: April 14, 2021, 5:50 p.m.
  • Length: 10:11
Show
View Real Time Build Order
Export as new Build Order

Kantara Protoss - Winner!

Build Orders: 1 Gate Expand, Phoenix Opening 

Get SALT Encoding   

  12  0:00  Probe  
  13  0:12  Probe  
  14  0:18  Pylon  
  14  0:24  Probe (Chrono Boost)  
  15  0:37  Probe (Chrono Boost)  
  15  0:39  Gateway  
  16  0:44  Probe (Chrono Boost)  
  16  0:46  Assimilator  
  17  0:51  Probe  
  18  1:03  Probe  
  19  1:25  Nexus  
  19  1:34  Cybernetics Core  
  19  1:37  Assimilator  
  19  1:39  Probe  
  20  1:45  Pylon  
  20  2:00  Probe  
  21  2:10  Adept (Chrono Boost)  
  21  2:11  Probe  
  24  2:19  Probe  
  24  2:23  Warp Gate  
  25  2:39  Probe x2  
  25  2:40  Adept  
  28  2:51  Stargate  
  28  3:03  Probe (Chrono Boost)  
  28  3:06  Probe (Chrono Boost)  
  28  3:14  Sentry  
  28  3:15  Probe (Chrono Boost)  
  28  3:19  Probe (Chrono Boost)  
  32  3:24  Probe (Chrono Boost)  
  34  3:28  Probe (Chrono Boost)  
  34  3:30  Assimilator  
  34  3:33  Probe (Chrono Boost)  
  35  3:34  Phoenix  
  37  3:42  Pylon  
  37  3:43  Probe (Chrono Boost)  
  39  3:49  Probe (Chrono Boost)  
  39  3:55  Probe (Chrono Boost)  
  40  3:59  Phoenix  
  40  4:00  Probe (Chrono Boost)  
  40  4:01  Robotics Facility  
  43  4:05  Probe  
  43  4:08  Assimilator  
  43  4:09  Probe  
  45  4:10  Shield Battery  
  45  4:17  Probe  
  45  4:21  Probe  
  47  4:24  Phoenix  
  47  4:28  Gateway  
  47  4:29  Probe  
  50  4:34  Probe  
  51  4:49  Probe (Chrono Boost)  
  53  4:53  Nexus  
  53  4:55  Probe (Chrono Boost)  
  53  5:00  Pylon  
  53  5:01  Probe (Chrono Boost)  
  53  5:05  Forge  
  54  5:09  Twilight Council  
  54  5:18  Probe, Phoenix  
  54  5:19  Observer  
  58  5:27  Stalker  
  58  5:28  Stalker  
  62  5:35  Protoss Ground Weapons Level 1  
  62  5:58  Robotics Bay  
  62  6:03  Pylon  
  62  6:05  Probe x2, Pylon, Immortal  
  62  6:06  Probe, Pylon  
  62  6:07  Charge (Chrono Boost)  
  69  6:13  Probe x2  
  72  6:18  Probe  
  72  6:21  Probe x2  
  72  6:24  Assimilator  
  73  6:28  Photon Cannon  
  73  6:30  Probe  
  73  6:31  Probe, Shield Battery  
  75  6:39  Pylon  
  76  6:40  Gateway x2  
  76  6:46  Colossus (Chrono Boost)  
  76  6:47  Probe x2  
  84  7:08  Probe x2  
  86  7:10  Phoenix  
  86  7:13  Assimilator  
  88  7:16  Pylon x2  
  88  7:17  Zealot  
  88  7:18  Zealot  
  88  7:19  Shield Battery  
  88  7:20  Pylon  
  92  7:24  Gateway  
  92  7:25  Gateway  
  92  7:29  Colossus (Chrono Boost)  
  92  7:53  Zealot x4  
  86  8:13  Colossus (Chrono Boost)  
  88  8:34  Nexus  
  88  8:36  Phoenix  
  88  8:38  Probe x2  
  92  8:42  Pylon  
  92  8:44  Assimilator  
  92  8:45  Zealot x2  
  92  8:46  Zealot x4  
  104  8:48  Assimilator  
  104  8:53  Templar Archives  
  104  8:56  Pylon  
  104  8:57  Colossus (Chrono Boost)  
  104  8:58  Pylon  
  104  9:01  Forge  
  110  9:04  Phoenix  
  92  9:33  Probe x3  
  89  9:53  Zealot  
  89  9:54  Zealot x5  
Show
View Real Time Build Order
Export as new Build Order

webdoox Terran 

Build Orders: Reaper Expand 

Get SALT Encoding   

  12  0:01  SCV  
  13  0:14  SCV  
  14  0:17  Supply Depot  
  14  0:26  SCV  
  15  0:38  SCV  
  15  0:41  Barracks  
  16  0:48  Refinery  
  16  0:50  SCV  
  17  1:03  SCV  
  18  1:15  SCV  
  19  1:29  Orbital Command  
  19  1:31  Reaper  
  20  1:43  Command Center  
  20  1:55  Supply Depot  
  20  1:59  SCV  
  21  2:03  Marine  
  22  2:12  SCV  
  23  2:24  Bunker, Refinery, Factory  
  23  2:33  SCV  
  23  2:34  Barracks Reactor  
  24  2:45  SCV  
  25  2:57  SCV  
  25  3:07  Orbital Command  
  25  3:11  Supply Depot  
  25  3:13  Marine x2  
  25  3:16  Starport, Widow Mine  
  29  3:23  SCV  
  30  3:30  Marine  
  30  3:31  Marine  
  32  3:35  SCV, Supply Depot  
  32  3:37  Widow Mine  
  32  3:38  SCV  
  36  3:47  SCV  
  37  3:48  Marine x2  
  37  3:51  SCV  
  40  3:59  SCV, Widow Mine, Supply Depot  
  40  4:01  Medivac  
  45  4:03  SCV  
  45  4:06  Marine x2  
  48  4:11  SCV  
  48  4:12  Barracks  
  48  4:15  SCV  
  50  4:17  Barracks  
  50  4:19  Engineering Bay  
  50  4:23  SCV  
  51  4:27  SCV  
  51  4:29  Factory Tech Lab  
  52  4:31  Starport Tech Lab  
  52  4:38  SCV  
  52  4:39  SCV  
  54  4:50  SCV  
  54  4:51  SCV, Refinery  
  56  4:53  Supply Depot x2  
  56  4:54  Siege Tank  
  56  4:56  Raven  
  56  4:59  Marine x2  
  63  5:03  Missile Turret  
  63  5:05  Missile Turret  
  63  5:06  SCV  
  63  5:07  SCV  
  65  5:10  Refinery  
  65  5:12  Barracks Tech Lab  
  65  5:19  SCV x2  
  65  5:41  Barracks  
  59  5:43  Barracks  
  59  5:44  Siege Tank  
  59  5:45  Barracks  
  62  5:50  Stimpack  
  62  5:52  Missile Turret x2  
  62  5:54  Missile Turret  
  62  5:55  Starport Reactor, Missile Turret  
  62  5:57  Missile Turret  
  62  5:58  SCV x2, Missile Turret  
  62  6:00  Missile Turret  
  62  6:01  Marine x2  
  66  6:08  Combat Shield  
  66  6:10  Marine x2  
  68  6:18  Marine  
  68  6:21  Missile Turret  
  68  6:24  Terran Infantry Weapons Level 1  
  69  6:26  Marine  
  69  6:28  Marauder  
  69  6:29  Marauder  
  69  6:32  Medivac x2  
  78  6:34  Barracks Reactor  
  78  6:35  Barracks Reactor  
  78  6:36  Marine  
  78  6:39  Barracks Reactor  
  79  6:50  Marine x3  
  82  6:54  Marine  
  83  7:02  Medivac  
  83  7:07  Command Center  
  83  7:08  Marine  
  86  7:14  Missile Turret  
  86  7:18  Supply Depot  
  86  7:19  Supply Depot  
  86  7:34  Supply Depot  
  86  7:36  Marine  
  86  7:37  Supply Depot  
  86  7:39  Supply Depot x2  
  86  7:40  SCV x2, Marine x5  
  73  8:00  Marine x9  
  73  8:01  Medivac x2, Marine  
  73  8:18  Marine x4  
  73  8:19  Marauder x2  
  79  8:24  Marine x4  
  83  8:31  Medivac x2  
  84  8:35  Marine  
  84  8:36  Supply Depot, Marine  
  84  8:39  Supply Depot  
  84  8:40  Marauder x2  
  90  8:50  Marine x4  
  90  8:53  Marine x3, Siege Tank  
  100  9:01  Medivac  
  100  9:02  Marauder x2  
  106  9:07  Marine  
  106  9:08  Marine x4  
  111  9:11  Marine x2  
  113  9:23  Marauder  
  98  9:36  Marine  
  98  9:37  Marine x4  
  98  9:38  Marauder  
  105  9:44  Marauder  
Tags
 
Add a new tag
Caveats
  • Supply blocks, unpowered buildings, or Contaminate may cause inaccurate times.
  • Supply counts are checked every 10 seconds.